 Dungeon Crawl Stone Soup version 0.29.1-14-g9c671dbff4 (webtiles) character file.

Game seed: 410197983630015591

4332 zeram the Skirmisher (level 10, -5/44 HPs)
             Began as a Spriggan Enchanter on Feb 19, 2023.
             Was an Initiate of Gozag.
             Killed from afar by a deep elf pyromancer (29 damage)
             ... with a bolt of fire
             ... on level 7 of the Dungeon.
             The game lasted 00:17:36 (7372 turns).

zeram the Skirmisher (Spriggan Enchanter)           Turns: 7372, Time: 00:17:41

Health: -5/44      AC:  3    Str:  4    XL:     10   Next: 12%
Magic:  22/22      EV: 21    Int: 21    God:    Gozag
Gold:   607        SH:  8    Dex: 19    Spells: 19/24 levels left

rFire   . . .      SeeInvis +   A - +10 sling of Cotuler {freeze, Drain rPois rN+ Dex+3}
rCold   . . .      Faith    .   f - +0 buckler
rNeg    + . .      Spirit   .   b - +0 robe
rPois   +          Reflect  .   (helmet restricted)
rElec   .          Harm     .   F - +0 cloak
rCorr   .          Rampage  .   (gloves unavailable)
Will    +....                   (boots unavailable)
Stlth   ++++......              w - amulet of regeneration
HPRegen 0.94/turn               (no ring)
MPRegen 0.18/turn               (no ring)

@: very quick
A: very small, no large weapons, unfitting armour, see invisible, speed 3
a: Renounce Religion, Potion Petition, Call Merchant, Bribe Branch


You were on level 7 of the Dungeon.
You worshipped Gozag.
Gozag was pleased with you.
You visited 1 branch of the dungeon, and saw 7 of its levels.

You collected 706 gold pieces.
You paid 99 gold pieces to Gozag.

Inventory:

Hand Weapons
 a - a +2 dagger
 m - the +11 sling of Serinu {freeze, Int+5}
   (You found it on level 2 of the Dungeon)

   Any ammunition fired from it freezes those it strikes, dealing additional
   cold damage.
   It can also slow down cold-blooded creatures.
   Int:       It affects your intelligence (+5).
 A - the +10 sling of Cotuler (weapon) {freeze, Drain rPois rN+ Dex+3}
   (You found it on level 6 of the Dungeon)

   Any ammunition fired from it freezes those it strikes, dealing additional
   cold damage.
   It can also slow down cold-blooded creatures.
   Dex:       It affects your dexterity (+3).
   rPois:     It protects you from poison.
   rN:        It protects you from negative energy.
   Drain:     It drains your maximum health when unequipped.
Armour
 b - a +0 robe (worn)
 f - a +0 buckler (worn)
 F - a +0 cloak (worn)
Jewellery
 n - an amulet of faith
 w - an amulet of regeneration (around neck)
Wands
 B - a wand of mindburst (11)
 E - a wand of roots (6)
Scrolls
 l - a scroll of fear
 p - 2 scrolls of teleportation
 t - 2 scrolls of enchant weapon
 x - a scroll of enchant armour {unknown}
 y - 2 scrolls of fog
 z - a scroll of summoning
 D - a scroll of identify
 G - a scroll of amnesia {unknown}
Potions
 c - a potion of invisibility
 d - 3 potions of magic
 e - 3 potions of curing
 g - a potion of ambrosia {unknown}
 h - a potion of lignification {unknown}
 i - a potion of might {unknown}
 j - 2 potions of cancellation {unknown}
 k - a potion of berserk rage {unknown}
 o - a potion of degeneration {unknown}
 q - 2 potions of brilliance {unknown}
 r - 3 potions of heal wounds
 s - 2 potions of mutation {unknown}
 u - a potion of attraction {unknown}
 C - a potion of haste {unknown}
Miscellaneous
 v - a box of beasts


   Skills:
 - Level 1.4 Short Blades
 - Level 9.2 Ranged Weapons
 + Level 6.9 Dodging
 + Level 7.5 Stealth
 * Level 5.2 Shields
 * Level 7.9 Spellcasting
 + Level 4.2 Hexes


You had 19 spell levels left.
You knew the following spells:

 Your Spells              Type           Power      Damage    Failure   Level
a - Ensorcelled Hibernat  Hex/Ice        34%        N/A       10%         2
b - Tukima's Dance        Hex            26%        N/A       9%          3

Your spell library contained the following spells:

 Spells                   Type           Power      Damage    Failure   Level
 Confusing Touch          Hex            26%        N/A       9%          3
 Apportation              Tloc           16%        N/A       16%         1
 Necrotise                Necr           32%        1d5       16%         1
 Summon Small Mammal      Summ           32%        N/A       16%         1
 Dazzling Flash           Conj/Hex       34%        N/A       19%         3
 Summon Guardian Golem    Hex/Summ       17%        N/A       19%         3
 Malign Gateway           Summ/Tloc      4%         N/A       100%        7
 Orb of Destruction       Conj           4%         9d5       100%        7
 Spellforged Servitor     Conj/Summ      4%         N/A       100%        7
 Summon Horrible Things   Summ           4%         N/A       100%        8


Dungeon Overview and Level Annotations

Branches:
Dungeon (7/15)             Temple (0/1) D:7

Altars:
Gozag
Kikubaaqudgha
Makhleb
Sif Muna
Trog
Uskayaw
Vehumet
Yredelemnul

Shops:
D:5 [

Annotations:
D:4 2 runed translucent doors
D:7 Rangus's ghost, novice GnWn


Innate Abilities, Weirdness & Mutations

You are very small and have problems with some larger weapons.
You are too small for most types of armour.
You have supernaturally acute eyesight. (SInv)
You cover ground extremely quickly. (Speed+++)


Message History

Aim: a deep elf pyromancer, wielding a +0 long sword and wearing a +0 scale mail (lightly wounded, 67% to hit)
You shoot a sling bullet.
The sling bullet closely misses the deep elf pyromancer.
Fire: A) +10 sling of Cotuler {freeze, Drain rPois rN+ Dex+3}
Press: ? - help, Q - select action, (/) - cycle Shift-Dir - straight line, f/p - deep elf pyromancer
Aim: a deep elf pyromancer, wielding a +0 long sword and wearing a +0 scale mail (lightly wounded, 67% to hit)
You shoot a sling bullet.
The sling bullet hits the deep elf pyromancer!
The sling bullet freezes the deep elf pyromancer.
The deep elf pyromancer is moderately wounded.
The deep elf pyromancer hits you with a +0 long sword!
Fire: A) +10 sling of Cotuler {freeze, Drain rPois rN+ Dex+3}
Press: ? - help, Q - select action, (/) - cycle Shift-Dir - straight line, f/p - deep elf pyromancer
Aim: a deep elf pyromancer, wielding a +0 long sword and wearing a +0 scale mail (moderately wounded, 67% to hit)
You shoot a sling bullet.
The sling bullet barely misses the deep elf pyromancer.
The deep elf pyromancer casts a spell at you.
The bolt of fire hits you!
Level annotation: Rangus's ghost, novice GnWn Welcome back, zeram the Spriggan Enchanter.
Gozag says: Greed is good.
Press ? for a list of commands and other information.
There is a stone staircase leading up here.
Fire: A) +10 sling of Cotuler {freeze, Drain rPois rN+ Dex+3}
Press: ? - help, Q - select action, (/) - cycle Shift-Dir - straight line, f - deep elf pyromancer
Aim: a deep elf pyromancer, wielding a +0 long sword and wearing a +0 scale mail (moderately wounded, 67% to hit)
You shoot a sling bullet.
The sling bullet barely misses the deep elf pyromancer.
Fire: A) +10 sling of Cotuler {freeze, Drain rPois rN+ Dex+3}
Press: ? - help, Q - select action, (/) - cycle Shift-Dir - straight line, f/p - deep elf pyromancer
Aim: a deep elf pyromancer, wielding a +0 long sword and wearing a +0 scale mail (moderately wounded, 67% to hit)
You shoot a sling bullet.
The sling bullet hits the deep elf pyromancer.
The sling bullet freezes the deep elf pyromancer.
The deep elf pyromancer is severely wounded.
The deep elf pyromancer points at you and mumbles some strange words.
The bolt of fire hits you!!
Ouch! That really hurt!
You die...
Your body crumbles into a pile of gold.

♣.♣♣...♣♣.♣...#.........#....#...
♣♣.♣._...♣....#...##...##.....#..
♣.♣♣...♣♣.♣...#................#.
.♣.♣.♣♣♣.♣♣...#....#.###.###.#...
#♣..♣...♣.....#[...#...#.#...#.##
#..♣.♣.♣♣....####..###.#.#.###.#
#....♣.......##......#.#.#.#...##
#...#.............._).).)...._.#.
#...'.........e.@....#.#.#.#...#.
#...##.............###.#.#.###)#.
#...##.......#####[#...#.#...#)#.
#............##....#.###.###.#.#.
#...##.......##.........[......#.
#...##......[##...#........#...#.
#...##............##.....###..##.
#...##............##.....####'#..
#...#.>.......................'..


You could see a deep elf pyromancer.

Vanquished Creatures
  A deep elf pyromancer (D:7)
  An unseen horror (D:7)
  A kobold demonologist (D:7)
  A shadow (D:7)
  A water moccasin (D:7)
  An ice beast (D:7)
  A sky beast (D:4)
  An orc warrior (D:7)
  A black bear (D:4)
  An ogre (D:4)
  A centaur (D:7)
  A kobold brigand (D:4)
  2 necrophages
  4 bullfrogs
  2 wyvern zombies (D:7)
  5 scorpions
  A water moccasin zombie (D:7)
  14 wights
  A centaur zombie (D:7)
  7 hounds
  2 gnoll boudas
  An orc priest (D:7)
  3 iguanas
  A jelly (D:6)
  Jessica (D:2)
  5 orc wizards
  Terence (D:3)
  2 killer bee zombies (D:7)
  2 howler monkey zombies (D:7)
  5 adders
  11 gnolls
  5 white imps (D:7)
  9 worms
  3 dart slugs
  14 orcs
  5 endoplasms
  A giant cockroach (D:1)
  10 goblins
  7 hobgoblins
  4 jackals (D:3)
  2 quokkas
  3 ball pythons
  5 bats
  2 frilled lizards
  11 kobolds
  5 rats
168 creatures vanquished.

Notes
Turn   | Place    | Note
-------+----------+-------------------------------------------
     0 | D:1      | zeram the Spriggan Enchanter began the quest for the Orb.
     0 | D:1      | Reached XP level 1. HP: 9/9 MP: 5/5
   546 | D:1      | Reached XP level 2. HP: 13/13 MP: 6/6
   866 | D:1      | Found a faded altar of an unknown god.
  1029 | D:1      | Learned a level 2 spell: Ensorcelled Hibernation
  1316 | D:1      | Reached skill level 5 in Stealth
  1906 | D:2      | Found a radiant altar of Vehumet.
  1915 | D:2      | Identified the +11 sling of Serinu {freeze, Int+5}
  1968 | D:2      | Reached XP level 3. HP: 16/16 MP: 8/8
  2036 | D:2      | Noticed Jessica
  2037 | D:2      | Killed Jessica
  2077 | D:2      | Learned a level 3 spell: Tukima's Dance
  2235 | D:3      | Found a bloodstained altar of Trog.
  2278 | D:3      | Reached XP level 4. HP: 21/21 MP: 9/9
  2451 | D:3      | Noticed Terence
  2463 | D:3      | Killed Terence
  2464 | D:3      | Reached skill level 1 in Ranged Weapons
  2545 | D:3      | Reached skill level 2 in Ranged Weapons
  2552 | D:3      | Reached XP level 5. HP: 12/24 MP: 10/10
  3187 | D:4      | Reached skill level 3 in Ranged Weapons
  3216 | D:4      | Reached XP level 6. HP: 28/28 MP: 11/11
  3237 | D:4      | Found a large runed translucent door.
  3237 | D:4      | Found a large runed translucent door.
  3353 | D:4      | Reached skill level 4 in Ranged Weapons
  3353 | D:4      | Reached skill level 1 in Shields
  3369 | D:4      | Found the +4 Cigotuvi's embrace {rMiasma Drain rN+}
  3672 | D:4      | Reached skill level 5 in Ranged Weapons
  3699 | D:4      | Found a large runed translucent door.
  3699 | D:4      | Found a large runed translucent door.
  3710 | D:4      | Reached XP level 7. HP: 20/32 MP: 12/12
  4119 | D:4      | Found a hide-covered altar of Uskayaw.
  4217 | D:4      | Reached skill level 6 in Ranged Weapons
  4528 | D:5      | Entered Level 5 of the Dungeon
  4551 | D:5      | Found Atosaggu's Armour Boutique.
  4699 | D:5      | Reached skill level 7 in Ranged Weapons
  4730 | D:5      | Reached XP level 8. HP: 32/36 MP: 13/13
  5214 | D:6      | Identified the +10 sling of Cotuler {freeze, Drain rPois
                  | rN+ Dex+3}
  5362 | D:6      | Reached skill level 8 in Ranged Weapons
  5459 | D:6      | Found an opulent altar of Gozag.
  5460 | D:6      | Found a burning altar of Makhleb.
  5680 | D:6      | Became a worshipper of Gozag Ym Sagoz the Greedy
  5845 | D:6      | Reached skill level 5 in Dodging
  6055 | D:7      | Found an ancient bone altar of Kikubaaqudgha.
  6065 | D:7      | Found a shimmering blue altar of Sif Muna.
  6135 | D:7      | Reached XP level 9. HP: 39/39 MP: 16/16
  6145 | D:7      | Reached skill level 9 in Ranged Weapons
  6151 | D:7      | Found a basalt altar of Yredelemnul.
  6335 | D:7      | Found a runed translucent gate.
  6335 | D:7      | Found a runed translucent gate.
  6335 | D:7      | Found a runed translucent gate.
  6435 | D:7      | Reached skill level 5 in Spellcasting
  6449 | D:7      | Found a staircase to the Ecumenical Temple.
  6481 | D:7      | Noticed a deep elf pyromancer
  6483 | D:7      | Noticed an unseen horror
  6485 | D:7      | Noticed a kobold demonologist
  6485 | D:7      | Noticed a deep elf pyromancer
  6497 | D:7      | Noticed a soul eater
  6651 | D:7      | Killed an unseen horror
  6806 | D:7      | Killed a deep elf pyromancer
  6816 | D:7      | Reached skill level 5 in Shields
  6930 | D:7      | Reached XP level 10. HP: 42/43 MP: 22/22
  7189 | D:7      | Noticed Rangus's ghost (novice GnWn)
  7372 | D:7      | Killed from afar by a deep elf pyromancer

Illustrated notes

Levels and vault maps discovered:
D:1:      lightli_arrival_chessboard, layout_loops_ring,
          dilly_ecumenical_altar_fadedgnrine
D:2:      layout_rooms, basic_altar, uniq_jessica
D:3:      layout_basic, trog_antimagical, dk_vineyard_1, uniq_terence
D:4:      layout_cave_pools, nicolae_uskayaw_suspiria,
          minmay_hollow_rounded_squares
D:5:      cheibrodos_iron_armory, layout_gridville, serial_shops,
          nicolae_shop_behind_doors, corexii_corridor_pit,
          minmay_strange_pillars, nicolae_wormholes
D:6:      layout_loops_ring, gammafunk_temple_overflow_pools
D:7:      layout_gridville, nicolae_yredelemnul_corpse_copse,
          mainiacjoe_overflow_large_starburst, minmay_temple_entry_arrows,
          gammafunk_ghost_icy, kb_rosetta

Skill      XL: |  1  2  3  4  5  6  7  8  9 |
---------------+----------------------------+-----
Hexes          | 4 |  4.2
Dodging        | 3 4 5 6 |  6.9
Stealth        | 5 6 7 |  7.5
Ranged Weapons | 2 3 5 7 8 9 |  9.2
Shields        | 1 2 3 5 |  5.2
Spellcasting   | 4 7 |  7.9
Short Blades   | |  1.4

Action                   |  1- 3 |  4- 6 |  7- 9 | 10-12 || total
-------------------------+-------+-------+-------+-------++-------
Melee: Dagger            |    78 |       |       |       ||    78
 Fire: Sling             |    11 |    87 |   263 |    63 ||   424
  Use: Scroll            |     4 |     2 |     9 |       ||    15
       Potion            |       |       |     2 |       ||     2
 Stab: Sleeping          |    10 |       |       |       ||    10
Armor: Robe              |     6 |     1 |     7 |     2 ||    16
Dodge: Dodged            |    29 |    11 |    67 |    14 ||   121
Block: Buckler           |    17 |     4 |    25 |     8 ||    54
